 Dungeon Crawl Stone Soup version 0.31.0-11-ge490571c62 (webtiles) character file.

Game seed: 16553432424636063628

9 browni3141 the Conjurer (level 2, 0/19 HPs)
             Began as a Demonspawn Conjurer on Jan 30, 2024.
             Succumbed to an adder's poison
             ... on level 2 of the Dungeon.
             The game lasted 00:00:29 (600 turns).

browni3141 the Conjurer (Demonspawn Conjurer)        Turns: 600, Time: 00:00:30

Health: 0/19       AC:  2    Str:  7    XL:     2   Next: 3%
Magic:  5/5        EV: 12    Int: 18    God:
Gold:   34         SH:  0    Dex: 11    Spells: 4/5 levels left

rFire   . . .        e - +0 dagger
rCold   . . .        (no shield)
rNeg    . . .        a - +0 robe
rPois   .            (no helmet)
rElec   .            (no cloak)
rCorr   .            (no gloves)
SInv    .            (no boots)
Will    .....        (no amulet)
Stlth   ++           (no ring)
HPRegen 0.23/turn    (no ring)
MPRegen 0.09/turn

%: no passive effects
@: lethally poisoned (0 -> -6)
A: ignite blood 1
a: no special abilities


You were on level 2 of the Dungeon.
You visited 1 branch of the dungeon, and saw 2 of its levels.

You collected 34 gold pieces.

Inventory:

Hand Weapons
 e - a +0 dagger (weapon)
Missiles
 c - 3 javelins
Armour
 a - a +0 robe (worn)
Scrolls
 g - a scroll of fear {unknown}
Potions
 b - a potion of magic
 d - a potion of curing {unknown}
 f - a potion of enlightenment {unknown}


   Skills:
 + Level 2.0 Dodging
 + Level 2.0 Stealth
 + Level 2.1 Spellcasting
 + Level 4.1 Conjurations


You had 4 spell levels left.
You knew the following spells:

 Your Spells              Type           Power      Damage    Failure   Level
a - Magic Dart            Conj           64%        1d6       3%          1

Your spell library contained the following spells:

 Spells                   Type           Power      Damage    Failure   Level
 Searing Ray              Conj           32%        2d5       4%          2
 Fulminant Prism          Conj/Alch      4%         3d5       58%         4
 Iskenderun's Mystic Bla  Conj/Tloc      9%         2d4       58%         4


Dungeon Overview and Level Annotations

Branches:
Dungeon (2/15)

Altars:


Innate Abilities, Weirdness & Mutations

Your demonic aura sometimes causes spilled blood to erupt in flames.


Message History

The bat hits you. The bat closely misses you. The bat closely misses you.
The bat hits you but does no damage. The bat completely misses you.
The bat misses you. The bat hits you but does no damage.
The bat hits you but does no damage. x2
The bat closely misses you. The bat misses you. The bat closely misses you.
The bat hits you. The bat hits you but does no damage.
The bat closely misses you. The bat hits you. The bat barely misses you.
The bat hits you but does no damage. The bat barely misses you.
The bat hits you but does no damage. The bat hits you.
The bat completely misses you. The bat hits you but does no damage.
The bat closely misses you. The bat misses you.
The bat hits you but does no damage. x2
The bat misses you. The bat hits you but does no damage.
The bat barely misses you. The bat closely misses you. The bat misses you.
The bat hits you. The bat closely misses you.
The bat hits you but does no damage. The bat hits you. x2
The bat hits you but does no damage. The bat closely misses you.
The bat closely misses you. The bat barely misses you. The bat hits you.
The bat hits you but does no damage. The bat hits you.
The bat closely misses you. The bat barely misses you. x2
The bat hits you but does no damage. The bat misses you. The bat hits you.
The bat misses you. The bat closely misses you. The bat barely misses you.
The bat closely misses you. The bat misses you. The bat barely misses you.
The bat hits you but does no damage. The bat hits you.
The bat completely misses you. The bat barely misses you. The bat misses you.
The bat barely misses you. The bat barely misses you.
The bat closely misses you. The bat hits you but does no damage.
The bat closely misses you. The bat hits you but does no damage.
The bat misses you. The bat hits you but does no damage.
The bat hits you but does no damage. The bat barely misses you.
The bat hits you. The bat closely misses you. The bat closely misses you.
The bat hits you but does no damage. The bat hits you.
The bat hits you but does no damage. x2; The bat misses you.
The bat misses you. The bat hits you but does no damage.
The bat hits you but does no damage. The bat barely misses you.
The bat closely misses you. x2
The bat hits you. x2
The bat hits you but does no damage. The bat hits you but does no damage. x2
The bat completely misses you. The bat barely misses you. The bat misses you.
The bat closely misses you. The bat completely misses you. The bat misses you.
The bat completely misses you. The bat closely misses you.
The bat barely misses you. The bat hits you but does no damage. x2
The bat barely misses you. The bat hits you. The bat closely misses you.
The bat closely misses you. The bat hits you but does no damage.
The bat closely misses you. x2
The bat hits you. The bat hits you.
You hit the bat.
You kill the bat!
There is a stone staircase leading down here.
There is a stone staircase leading down here.
You climb downwards.
There is a stone staircase leading up here.
An adder is nearby!
An adder is nearby!
An adder is nearby!
The adder hisses angrily.
The adder bites you.
You miss the adder. The adder bites you. The adder closely misses you.
The adder bites you. The adder closely misses you.
The adder closely misses you. The adder bites you. The adder bites you.
The adder misses you. The adder barely misses you. The adder bites you.
You are poisoned.
The adder poisons you! The adder bites you.
You are lethally poisoned!
The adder poisons you!
You feel very sick. The adder bites you but does no damage.
You feel very sick. The adder closely misses you.
You die...

#### ..# #.#
######.#####
#..<.....@S#
#.####.###.#
# #.# .# #.#
.# #.# .#
#$# .# ..#
.# .## .#


You could see an adder.

Vanquished Creatures
  An endoplasm (D:1)
  A giant cockroach (D:1)
  A goblin (D:1)
  2 hobgoblins (D:1)
  A bat (D:1)
  A kobold (D:1)
  A rat (D:1)
8 creatures vanquished.

Notes
Turn   | Place    | Note
-------+----------+-------------------------------------------
     0 | D:1      | browni3141 the Demonspawn Conjurer began the quest for the
                  | Orb.
     0 | D:1      | Reached XP level 1. HP: 13/13 MP: 3/3
   264 | D:1      | Gained mutation: Your demonic aura sometimes causes spilled
                  | blood to erupt in flames. [demonic ancestry]
   264 | D:1      | Reached XP level 2. HP: 19/19 MP: 3/5
   600 | D:2      | Succumbed to an adder's poison

Illustrated notes

Levels and vault maps discovered:
D:1:      doesnt_arrival_eight_statues, layout_loops_ring, chequers_garden,
          lexackson_kobold_supper
D:2:      layout_loops_ring

Skill      XL: |  1 |
---------------+----+-----
Stealth        | 2 |  2.0
Dodging        | 2 |  2.0
Spellcasting   | |  2.1
Conjurations   | |  4.1

Action                     || total
---------------------------++-------
  Melee: Dagger            ||    10
   Cast: Magic Dart        ||    11
 Armour: Robe              ||   152
  Dodge: Dodged            ||   200
